 Dungeon Crawl Stone Soup version 0.32-a0-685-g93135e86f0 (webtiles) character file.

Game seed: 8558279106620144846

4981 ezpacito the Trooper (level 10, -4/84 HPs)
             Began as a Coglin Chaos Knight on Mar 12, 2024.
             Was a Plaything of Xom.
             Slain by a swamp worm (18 damage)
             ... on level 8 of the Dungeon.
             The game lasted 00:10:59 (7773 turns).

ezpacito the Trooper (Coglin Chaos Knight)          Turns: 7773, Time: 00:11:00

Health: -4/84      AC: 15    Str: 18    XL:     10   Next: 53%
Magic:  14/14      EV: 13    Int: 18    God:    Xom [.....*]
Gold:   154        SH:  0    Dex: 12    Spells: 0/15 levels left

rFire   . . .        L - +9 staff of Olgreb {rPois∞}
rCold   + . .        a - +0 hand axe (chaos) {Suchat}
rNeg    + . .        c - +0 swamp dragon scales
rPois   ∞            l - +0 hat of Dioliomo {rPois rN+ Dex+2 Slay+3}
rElec   .            I - +0 cloak
rCorr   .            (no gloves)
SInv    .            o - +2 pair of boots {rampage}
Will    +....        (amulet unavailable)
Stlth   +            (ring unavailable)
HPRegen 0.34/turn    (ring unavailable)
MPRegen 0.14/turn    (no gizmo)

%: rampage
@: brilliant, revved, very slow
A: off-hand wielding, slow wielding, warmup strikes, no jewellery, horns 1,
iridescent scales 1, clever 2, clumsy 1, cold resistance 1, strong-willed 1,
sense surroundings 1, robust 1, strong 1, evolution 1, sturdy frame 1
a: Invent Gizmo, Renounce Religion, Evoke the Staff of Olgreb


You were on level 8 of the Dungeon.
You worshipped Xom.
You were Xom's teddy bear.
You visited 2 branches of the dungeon, and saw 9 of its levels.

You collected 560 gold pieces.
You spent 406 gold pieces at shops.

Inventory:

Hand Weapons
 a - a +0 hand axe of chaos (offhand) {Suchat}
 r - a +2 hand axe of draining {Demetirus}
 w - the +1 dagger of the Common Good {flame, rF+ rC+ MP+9}
   (You found it on level 4 of the Dungeon)

   rF+:       It protects you from fire.
   rC+:       It protects you from cold.
   MP+9:      It affects your magic capacity (+9).
 L - the +9 staff of Olgreb (weapon) {rPois∞}
   (Xom gifted it to you on level 7 of the Dungeon)

   Radiate:   It can be activated via the 'a'bility menu to radiate toxic
   energy, with effectiveness depending on Evocations skill.
   Alch:      It enhances your alchemy magic.
   rPois∞: It grants immunity to poison.
 M - a +0 whip
 N - a +0 trident
 O - a +2 short sword of distortion
Missiles
 p - 2 darts of dispersal
 q - 8 poisoned darts
 y - 6 boomerangs (quivered)
 B - 2 datura-tipped darts
Armour
 c - +0 swamp dragon scales (worn)
 l - the +0 hat of Dioliomo (worn) {rPois rN+ Dex+2 Slay+3}
   (You bought it in a shop on level 2 of the Dungeon)

   Dex+2:     It affects your dexterity (+2).
   Slay+3:    It affects your accuracy & damage with ranged weapons and melee
   (+3).
   rPois:     It protects you from poison.
   rN+:       It protects you from negative energy.
 o - a +2 pair of boots of rampaging (worn)
 F - the +3 robe of Xom's Hatred {rPois}
   (You found it on level 5 of the Dungeon)

   rPois:     It protects you from poison.
 I - a +0 cloak (worn)
Magical Staves
 v - a staff of earth
 x - a staff of alchemy
Wands
 h - a wand of acid (6)
 G - a wand of flame (19)
 K - a wand of paralysis (13)
Scrolls
 b - a scroll of blinking {unknown}
 e - 2 scrolls of revelation {unknown}
 f - 3 scrolls of teleportation {unknown}
 j - a scroll of immolation {unknown}
 k - 3 scrolls of noise {unknown}
 m - 2 scrolls of enchant armour {unknown}
 s - a scroll of torment {unknown}
 u - a scroll of amnesia {unknown}
 z - 2 scrolls of fear {unknown}
 A - a scroll of silence {unknown}
 H - a scroll of poison {unknown}
 J - 3 scrolls of fog {unknown}
Potions
 d - 2 potions of might
 g - a potion of degeneration {unknown}
 i - a potion of magic {unknown}
 n - 2 potions of attraction
 t - a potion of enlightenment {unknown}
 C - a potion of resistance {unknown}
 D - 2 potions of brilliance
 E - 2 potions of lignification


   Skills:
 * Level 6.8 Fighting
 * Level 6.6(7.2) Axes
 + Level 3.7(5.5) Polearms
 + Level 1.4(2.8) Staves
 * Level 5.7 Armour
 * Level 5.4 Dodging
 + Level 3.5 Stealth
 + Level 3.0 Spellcasting
 + Level 4.0 Alchemy
 + Level 4.8 Evocations


You couldn't memorise any spells.
You knew the following spells:

 Your Spells              Type           Power      Damage    Failure   Level
a - Sting                 Conj/Alch      88%        1d8       9%          1
b - Mercury Vapours       Alch/Air       44%        N/A       14%         2
c - Ensorcelled Hibernat  Hex/Ice        8%         N/A       30%         2
d - Olgreb's Toxic Radia  Alch           39%        N/A       36%         4
e - Fugue of the Fallen   Necr           4%         N/A       52%         3
w - Passwall              Erth           4%         N/A       52%         3

Your spell library contained the following spells:

 Spells                   Type           Power      Damage    Failure   Level
 Magic Dart               Conj           16%        1d3       21%         1
 Searing Ray              Conj           8%         2d4       30%         2
 Ozocubu's Armour         Ice            4%         N/A       52%         3
 Swiftness                Air            4%         N/A       52%         3
 Fulminant Prism          Conj/Alch      11%        3d9       65%         4
 Anguish                  Hex/Necr       2%         N/A       90%         4
 Cause Fear               Hex            2%         N/A       90%         4
 Manifold Assault         Tloc           4%         N/A       90%         4
 Enfeeble                 Hex            2%         N/A       100%        7


Dungeon Overview and Level Annotations

Branches:
Dungeon (8/15)             Temple (1/1) D:4
   Lair: D:8-11

Altars:
Ashenzari
Cheibriados
Dithmenos
Fedhas
Gozag
Kikubaaqudgha
Makhleb
Nemelex Xobeh
Okawaru
Qazlal
Ru
Trog
Uskayaw
Vehumet
Xom
Yredelemnul
Zin
The Shining One

Shops:
D:2 *   D:4 *   D:6 *


Innate Abilities, Weirdness & Mutations

You can wield a second weapon in your off-hand.
It takes a long time for you to wield or remove held weapons.
Your first few attacks do less damage.
You cannot equip rings or amulets.
You have a pair of small horns on your head.
You are partially covered in iridescent scales. (AC +2)
Your mind is very acute. (Int +8, Str/Dex -2)
You are clumsy. (Dex -2)
Your flesh is cold resistant. (rC+)
You are strong-willed. (Will+)
You passively map a small area around you.
You are robust. (+10% HP)
Your muscles are strong. (Str +4, Int/Dex -1)
You have hidden genetic potential.
Your movements are slightly less encumbered by armour. (ER -2)


Message History

You sock the swamp worm with the +9 staff of Olgreb!
A nearby plant withers and dies.
The swamp worm bites you! The swamp worm closely misses you.
You take 15 damage, and have 69/84 hp.
You thump the swamp worm with the +9 staff of Olgreb!
You headbutt the swamp worm.
The swamp worm is severely wounded.
Your unstable footing causes you to fumble your attack.
The swamp worm bites you.
The swamp worm bites you but does no damage.
You take 6 damage, and have 63/84 hp.
You hit the swamp worm with the +9 staff of Olgreb.
The swamp worm is almost dead.
You closely miss the swamp worm with your +0 hand axe of chaos. x2
The swamp worm bites you! The swamp worm barely misses you.
You take 15 damage, and have 48/84 hp.
You hit the swamp worm with your +0 hand axe of chaos.
The swamp worm convulses.
The swamp worm is lightly wounded.
You closely miss the swamp worm with your +0 hand axe of chaos.
Your unstable footing causes you to fumble your attack.
A nearby plant withers and dies.
The swamp worm closely misses you.
The swamp worm bites you but does no damage.
The swamp worm fires a harpoon shot at you.
The harpoon shot hits you!
You are yanked forward by the harpoon shot.
Splash!
The swamp worm bites you!
* * * LOW HITPOINT WARNING * * *
The swamp worm bites you!
* * * LOW HITPOINT WARNING * * *
You take 35 damage, and have 14/84 hp.
MASSIVE DAMAGE!!
Okay, then.
Okay, then.
It was a potion of brilliance.
You feel clever all of a sudden.
Xom thinks this is hilarious!
The swamp worm bites you!!
You die...
Xom laughs nastily!

...........~~##~##~~.............
.##.#####.~~~#~~ #~~~#..#........
##### #.~≈##~~ ##≈~...#.#######
#.#### #.~~#~~~ #~~...#........
#.#.ß####.~≈##~~~##≈~.#.#########
.......##.~~~#~~)#~~~##.#
..........#~~##~##~~###.#########
#.#.ß####.#.~≈~w~≈~.....##.......
#.#.## #.##~~~~@~~.######.######
##### #.#..~~~w~#.#### #.#
,<*######.#.#..##.#.##.# #.#
,................#....# #.#
.....######.###.####.# #.#
####..........#.# #.# #.#
.......#.#.###.# #.# #.# ,
....##.#.......# #.# #.###### ...
#.#.#.#.#.# #.# #.#....#


You could see 2 swamp worms.

Vanquished Creatures
  Pikel (D:8)
  Maurice (D:7)
  The ghost of abessonov the Changeling, a novice MfSh of Elyvilon (D:5)
  Maggie (D:8)
  Eustachio (D:4)
  A wyvern (D:7)
  Grum (D:8)
  A water moccasin (D:8)
  A centaur (D:5)
  2 wolves (D:8)
  3 ogres
  2 phantoms
  2 lemures (D:8)
  A kobold brigand (D:8)
  5 bullfrogs
  A gnoll sergeant (D:8)
  2 scorpions
  9 wights
  A wyvern skeleton (D:5)
  A killer bee (D:7)
  A howler monkey (D:4)
  A bombardier beetle (D:5)
  2 jellies
  A bullfrog skeleton (D:5)
  An orc priest (D:8)
  A hound (D:5)
  2 iguanas
  3 orc wizards
  2 scorpion zombies (D:3)
  2 sleepcaps (D:7)
  A killer bee zombie (D:5)
  8 gnolls
  5 adders
  A shadow imp (D:5)
  An ufetubus (D:7)
  4 ribbon worms
  4 dart slugs
  21 orcs
  3 endoplasms
  3 giant cockroaches
  9 hobgoblins
  5 kobolds
  5 quokkas
  9 ball pythons
  3 bats
  A frilled lizard (D:3)
  5 goblins
  2 rats (D:3)
144 creatures vanquished.

Vanquished Creatures (collateral kills)
  A black bear (D:7)
  4 wights (D:7)
  3 killer bees (D:7)
  A jelly (D:7)
  A white imp (D:7)
  An ufetubus (D:7)
11 creatures vanquished.

Vanquished Creatures (others)
  A wyvern (D:7)
  An orc (D:8)
2 creatures vanquished.

Grand Total: 157 creatures vanquished

Notes
Turn   | Place    | Note
-------+----------+-------------------------------------------
     0 | D:1      | ezpacito the Coglin Chaos Knight began the quest for the
                  | Orb.
     0 | D:1      | Reached XP level 1. HP: 18/18 MP: 1/1
    18 | D:1      | XOM: silly message
    23 | D:1      | XOM: confuse monster(s)
    28 | D:1      | Reached skill level 1 in Dodging
   203 | D:1      | Reached XP level 2. HP: 24/24 MP: 2/2
   278 | D:1      | XOM: silly message
   993 | D:2      | XOM: noise
  1225 | D:2      | Found Osirghac's Assorted Antiques.
  1234 | D:2      | Bought a scroll labelled CARIOS CIRARE for 30 gold pieces
  1234 | D:2      | Bought a scroll labelled SUILUMOAWNI for 30 gold pieces
  1269 | D:2      | Reached XP level 3. HP: 29/29 MP: 3/3
  1271 | D:2      | XOM: 5-stop teleportation journey
  1435 | D:2      | Found a sparkling altar of Nemelex Xobeh.
  1445 | D:2      | XOM: 2-stop teleportation journey
  1476 | D:2      | XOM: smoke on damage
  1557 | D:2      | Found a faded altar of an unknown god.
  1915 | D:3      | XOM: 1-stop teleportation journey
  2128 | D:3      | Reached XP level 4. HP: 35/35 MP: 4/4
  2382 | D:3      | Found a radiant altar of Vehumet.
  2717 | D:3      | Reached skill level 1 in Polearms
  2717 | D:3      | Reached skill level 1 in Stealth
  2721 | D:3      | Reached XP level 5. HP: 40/41 MP: 4/6
  2743 | D:3      | Found a basalt altar of Yredelemnul.
  2827 | D:4      | Found Gozag's Platinum Reserve.
  2827 | D:4      | Noticed Eustachio
  2831 | D:4      | Found an opulent altar of Gozag.
  2843 | D:4      | XOM: summons 1 hostile demon
  2875 | D:4      | Killed Eustachio
  2876 | D:4      | Reached skill level 1 in Spellcasting
  2876 | D:4      | Reached skill level 1 in Alchemy
  2876 | D:4      | Reached skill level 1 in Evocations
  2876 | D:4      | Reached XP level 6. HP: 12/48 MP: 7/7
  3044 | D:4      | XOM: god gift: 54 gold pieces
  3230 | D:4      | XOM: noise
  3269 | D:4      | Reached XP level 7. HP: 51/54 MP: 8/8
  3319 | D:4      | Identified the +1 dagger of the Common Good {flame, rF+ rC+
                  | MP+9}
  3599 | D:4      | Found a bloodstained altar of Trog.
  3639 | D:4      | Found a staircase to the Ecumenical Temple.
  3759 | Temple   | Entered the Ecumenical Temple
  3870 | D:4      | Found a runed translucent door.
  3871 | D:4      | Noticed Crazy Yiuf
  3905 | D:4      | XOM: stat loss: -1 Str (13/14)
  3974 | D:4      | Crazy Yiuf changed into Crazy Yiuf the iguana
  3974 | D:4      | Noticed Crazy Yiuf
  3975 | D:4      | Killed Crazy Yiuf the iguana
  4225 | D:2      | Bought a twisted hat for 270 gold pieces
  4225 | D:2      | Identified the +0 hat of Dioliomo {rPois rN+ Dex+2 Slay+3}
                  | (You bought it in a shop on level 2 of the Dungeon)
  4329 | D:5      | Entered Level 5 of the Dungeon
  4525 | D:5      | Found a transporter.
  4525 | D:5      | Noticed abessonov's ghost (novice MfSh)
  4531 | D:5      | Found a transporter.
  4536 | D:5      | Identified the +3 robe of Xom's Hatred {rPois}
  4585 | D:5      | XOM: potion effect (brilliance)
  4591 | D:5      | Reached XP level 8. HP: 51/61 MP: 10/10
  4774 | D:5      | XOM: summons 5 hostile demons
  5097 | D:5      | XOM: silly message
  5320 | D:5      | Killed abessonov's ghost
  5321 | D:5      | Reached skill level 5 in Fighting
  5324 | D:5      | Reached skill level 5 in Axes
  5334 | D:5      | XOM: scenery: summon butterflies
  5401 | D:5      | XOM: give mutation
  5401 | D:5      | Gained mutation: You are clumsy. (Dex -2) [Xom's mischief]
  5797 | D:6      | Found Fiats's Assorted Antiques.
  5809 | D:6      | Bought a scroll of identify for 38 gold pieces
  5809 | D:6      | Bought a scroll labelled VILUAF TYASASIF for 19 gold pieces
  5809 | D:6      | Bought a scroll labelled PYSIED BETZO for 19 gold pieces
  6143 | D:6      | Learned a level 1 spell: Sting
  6146 | D:6      | Learned a level 2 spell: Mercury Vapours
  6149 | D:6      | Learned a level 2 spell: Ensorcelled Hibernation
  6154 | D:6      | Learned a level 4 spell: Olgreb's Toxic Radiance
  6183 | D:7      | a steam dragon changed into a wyvern
  6183 | D:7      | Noticed a wyvern
  6184 | D:7      | Killed a wyvern
  6185 | D:7      | Reached XP level 9. HP: 43/68 MP: 12/12
  6392 | D:7      | XOM: 3-stop teleportation journey
  6468 | D:7      | Noticed Maurice
  6472 | D:7      | Maurice stole the +1 dagger of the Common Good {flame, rF+
                  | rC+ MP+9}
  6479 | D:7      | Paralysed by Maurice for 5 turns
  6483 | D:7      | XOM: divination: detect items
  6484 | D:7      | XOM: confuse monster(s)
  6487 | D:7      | Killed Maurice
  6488 | D:7      | Reached skill level 5 in Armour
  6511 | D:7      | Found a broken altar of Ashenzari.
  6615 | D:7      | XOM: give mutations
  6615 | D:7      | Gained mutation: You are strong-willed. (Will+) [Xom's
                  | grace]
  6615 | D:7      | Gained mutation: Your flesh is cold resistant. (rC+) [Xom's
                  | grace]
  6615 | D:7      | Gained mutation: You are robust. (+10% HP) [Xom's grace]
  6758 | D:7      | XOM: summons 5 hostile demons
  6815 | D:7      | Found a blossoming altar of Fedhas.
  6835 | D:7      | XOM: give mutations
  6835 | D:7      | Gained mutation: You are partially covered in iridescent
                  | scales. (AC +2) [Xom's grace]
  6835 | D:7      | Gained mutation: You have hidden genetic potential. [Xom's
                  | grace]
  6835 | D:7      | Gained mutation: Your movements are slightly less
                  | encumbered by armour. (ER -2) [Xom's grace]
  6905 | D:7      | XOM: god gift: +9 staff of Olgreb {rPois∞}
  6906 | D:7      | Found the +9 staff of Olgreb {rPois∞}
  7027 | D:8      | XOM: scenery: summon butterflies
  7034 | D:8      | Reached XP level 10. HP: 67/84 MP: 14/14
  7036 | D:8      | Reached skill level 5 in Dodging
  7056 | D:8      | Noticed Maggie
  7061 | D:8      | XOM: polymorph Maggie -> Maggie
  7088 | D:8      | Killed Maggie
  7089 | D:8      | Reached skill level 1 in Staves
  7358 | D:8      | Noticed Pikel
  7366 | D:8      | Killed Pikel
  7382 | D:8      | XOM: give mutations
  7382 | D:8      | Gained mutation: You passively map a small area around you.
                  | [Xom's grace]
  7382 | D:8      | Gained mutation: Your mind is acute. (Int +4, Str/Dex -1)
                  | [Xom's grace]
  7382 | D:8      | Gained mutation: You have a pair of small horns on your
                  | head. [Xom's grace]
  7382 | D:8      | Gained mutation: Your mind is very acute. (Int +8, Str/Dex
                  | -2) [Xom's grace]
  7385 | D:8      | Learned a level 3 spell: Fugue of the Fallen
  7389 | D:8      | Learned a level 3 spell: Passwall
  7445 | D:8      | Found a glowing silver altar of Zin.
  7450 | D:8      | Noticed Grum
  7458 | D:8      | Killed Grum
  7466 | D:8      | Gained mutation: Your muscles are strong. (Str +4, Int/Dex
                  | -1) [hidden potential]
  7584 | D:8      | Found an ancient bone altar of Kikubaaqudgha.
  7584 | D:8      | Found a shimmering altar of Xom.
  7586 | D:8      | Found a stormy altar of Qazlal.
  7773 | D:8      | Slain by a swamp worm

Illustrated notes

Levels and vault maps discovered:
D:1:      dpeg_arrival_simpleton_a, layout_loops_corners
D:2:      layout_basic, basic_altar, shapermc_ecumenical_altar_flowoftime,
          serial_shops, nicolae_shop_stone, chequers_serial_rivers_large_b
D:3:      layout_basic, amcnicky_altar_gilded, lemuel_zombie_altar_yredelemnul
D:4:      minmay_chambers_of_twos, layout_basic,
          nicolae_gozag_zags_fifth_avenue, overflow_temple_1_default,
          minmay_temple_entry_gardened_gates, serial_glass, glass_columns_a,
          glass_columns_b, glass_columns_a, uniq_crazy_yiuf_cottage,
          uniq_eustachio
D:5:      layout_layer_cave, gammafunk_ghost_mausoleum
D:6:      layout_loops_ring, serial_shops, shop, corexii_shack,
          nicolae_houndstooth_variations
D:7:      hellmonk_crumbling_castle, layout_gridville, lemuel_doored_altar,
          mainiacjoe_overflow_alcove_1, uniq_maurice
D:8:      layout_basic, minitemple, mainiacjoe_overflow_tiny_flanked,
          worms_lemuel, uniq_pikel, uniq_maggie, uniq_grum
Temple:   nicolae_temple_two_arcs

Skill      XL: |  1  2  3  4  5  6  7  8  9 10 |
---------------+-------------------------------+-----
Dodging        | 1 2 3 4 5 |  5.4
Armour         | 2 3 4 5 |  5.7
Polearms       | 1 2 3 |  3.7
Stealth        | 1 2 3 |  3.5
Spellcasting   | 1 2 3 |  3.0
Alchemy        | 1 2 3 4 |  4.0
Evocations     | 1 2 3 4 |  4.8
Fighting       | 4 5 6 |  6.8
Axes           | 4 5 6 |  6.6
Staves         | 1 |  1.4

Action                     |  1- 3 |  4- 6 |  7- 9 | 10-12 || total
---------------------------+-------+-------+-------+-------++-------
  Melee: Hand axe          |    70 |   142 |   250 |    52 ||   514
         Dagger            |    24 |       |       |       ||    24
         Spear             |     4 |       |       |       ||     4
         Staff             |       |       |    22 |    55 ||    77
         Headbutt          |       |       |       |     6 ||     6
    Use: Scroll            |     4 |       |     2 |     1 ||     7
         Potion            |       |     1 |     1 |     6 ||     8
   Stab: Confused          |     1 |       |     1 |     1 ||     3
         Sleeping          |     1 |       |       |     3 ||     4
         Held in net/web   |       |     1 |       |       ||     1
         Paralysed         |       |     1 |       |       ||     1
         Petrified         |       |       |     6 |       ||     6
         Distracted        |       |       |     2 |       ||     2
 Armour: Leather armour    |    32 |    48 |     7 |       ||    87
         Chain mail        |       |       |    94 |    18 ||   112
         Swamp dragon scal |       |       |       |    36 ||    36
  Dodge: Dodged            |    28 |    41 |    70 |    28 ||   167

Table legend: (Time is in decaauts)
 A = Elapsed time spent in this place.
 B = Non-inter-level travel time spent in this place.
 C = Inter-level travel time spent in this place.
 D = Time resting spent in this place.
 E = Time spent auto-exploring this place.
 F = Levels seen in this place.
 G = Mean time per level.
                   A        B        C        D        E       F      G
               +--------+--------+--------+--------+--------+-----+--------+
         Total |   7877 |   7140 |    737 |    228 |   5851 |   9 |  875.2 |
       Dungeon |   7875 |   7139 |    736 |    228 |   5851 |   8 |  984.4 |
        Temple |      1 |      1 |      0 |      0 |      0 |   1 |    1.0 |
               +--------+--------+--------+--------+--------+-----+--------+

Top non-repeatable levels by time:
     D:4: 1363 daAuts
     D:2: 1212 daAuts
     D:5: 1146 daAuts
     D:3: 964 daAuts
     D:1: 891 daAuts
     D:8: 815 daAuts
     D:7: 781 daAuts
     D:6: 701 daAuts
  Temple: 1 daAuts
